 Seeded DCSS version 0.30-a0-1112-gfb780f5df6 (webtiles) character file.

Game seed: 10500318188560928690 (custom seed)

135 Pimp the Firebug (level 4, -1/30 HPs)
             Began as a Demonspawn Fire Elementalist on Apr 19, 2023.
             Slain by an orc wizard
             ... wielding a +0 dagger
              (3 damage)
             ... on level 3 of the Dungeon.
             The game lasted 00:06:11 (1346 turns).

Pimp the Firebug (Demonspawn Fire Elementalist)     Turns: 1346, Time: 00:06:11

Health: -1/30      AC:  6    Str:  8    XL:     4   Next: 96%
Magic:  3/8        EV: 12    Int: 18    God:
Gold:   93         SH:  7    Dex: 14    Spells: 7/8 levels left

rFire   + . .      SeeInvis .    g - staff of fire
rCold   . . .      Faith    .    d - +0 buckler
rNeg    . . .      Spirit   .    a - +0 robe
rPois   +          Reflect  .    (no helmet)
rElec   .          Rampage  .    (no cloak)
rCorr   .                        (no gloves)
Will    .....                    (no boots)
Stlth   ++                       (no amulet)
HPRegen 0.25/turn                l - ring of poison resistance
MPRegen 0.11/turn                (no ring)

@: very slightly contaminated, hasted, very quick
A: foul stench 1, icemail 1, condensation shield
a: no special abilities


You were on level 3 of the Dungeon.
You visited 1 branch of the dungeon, and saw 4 of its levels.

You collected 93 gold pieces.

Inventory:

Hand Weapons
 c - a +1 hand axe
Armour
 a - a +0 robe (worn)
 d - a +0 buckler (worn)
Magical Staves
 g - a staff of fire (weapon)
Jewellery
 l - a ring of poison resistance (left hand)
Scrolls
 f - a scroll of teleportation


   Skills:
 + Level 2.6 Dodging
 + Level 2.7 Stealth
 + Level 2.7 Spellcasting
 + Level 2.2 Conjurations
 + Level 3.3 Fire Magic


You had 7 spell levels left.
You knew the following spells:

 Your Spells              Type           Power      Damage    Failure   Level
a - Foxfire               Conj/Fire      72%        2x1d7     8%          1

Your spell library contained the following spells:

 Spells                   Type           Power      Damage    Failure   Level
 Scorch                   Fire           42%        2d7       9%          2
 Inner Flame              Hex/Fire       12%        N/A       34%         3
 Volatile Blastmotes      Fire/Tloc      24%        2d12      34%         3
 Flame Wave               Conj/Fire      18%        2d7       58%         4


Dungeon Overview and Level Annotations

Branches:
Dungeon (4/15)
 Temple: D:4-7

Altars:

Shops:
D:1 [


Innate Abilities, Weirdness & Mutations

You may rarely emit foul miasma when damaged in melee.
A meltable icy envelope protects you from harm. (AC +4)
A meltable shield of frost defends you. (SH +4)


Message History

The orc barely misses you.
You hear some strange, mumbled words.
A magic dart appears from out of thin air!
The magic dart hits you.
You bump into the rock wall.
Something hits you but does no damage. The orc barely misses you.
You bump into the rock wall.
You hit the orc but do no damage. Something hits you but does no damage.
The orc closely misses you.
You're too confused to move!
You feel less confused. Something hits you but does no damage.
The orc hits you with a +0 mace.
You hit the orc but do no damage. Something hits you but does no damage.
The orc hits you with a +0 mace.
* * * LOW HITPOINT WARNING * * *
You hit the orc. You burn the orc.
You kill the orc!
Something hits you.
* * * LOW HITPOINT WARNING * * *
You closely miss the orc. Something hits you.
* * * LOW HITPOINT WARNING * * *
You block the orc's attack.
You barely miss the orc. The orc hits you with a +0 flail.
* * * LOW HITPOINT WARNING * * *
You emit a cloud of foul miasma!
Something hits you but does no damage.
Unknown command.
You barely miss something.
Casting: Foxfire (safe; 8% risk of failure)
Confirm with . or Enter, or press ? or * to list all spells.
You feel a surge of power!
You miscast Foxfire.
You are very lightly contaminated with residual magic.
Nothing appears to happen.
The orc is engulfed in dark miasma.
The orc is poisoned.
You block the orc's attack. Something hits you but does no damage.
You barely miss something. Something hits you but does no damage.
The orc is engulfed in dark miasma.
The orc looks even sicker.
You block the orc's attack.
Unknown command.
You barely miss something. Something hits you.
You die...

### ##.## ##.#.##
##.###.##########
##.##............#
#...#.#.########.#
#.##...## #..
###{###.## ###
#oo@# #.# #'###
#.# ) #.. #.# #.
#$8. #.# #. #$.$
##.# .. #.8$ ##..#
# # ##._ ##..†##..
### #.....#.#
##....#.#####.


You could see 2 orcs.

Vanquished Creatures
  A scorpion (D:3)
  An orc priest (D:3)
  An adder (D:2)
  A worm (D:4)
  A dart slug (D:1)
  An orc (D:3)
  A ball python (D:1)
  An endoplasm (D:1)
  2 giant cockroaches
  2 goblins (D:2)
  2 hobgoblins
  2 quokkas (D:1)
  2 bats (D:1)
  2 frilled lizards (D:1)
  7 kobolds
  A rat (D:2)
28 creatures vanquished.

Vanquished Creatures (others)
  72 foxfires
72 creatures vanquished.

Grand Total: 100 creatures vanquished

Notes
Turn   | Place    | Note
-------+----------+-------------------------------------------
     0 | D:1      | Pimp the Demonspawn Fire Elementalist began the quest for
                  | the Orb.
     0 | D:1      | Reached XP level 1. HP: 13/13 MP: 3/3
   155 | D:1      | Found a faded altar of an unknown god.
   242 | D:1      | Found Deass's Antique Armour Boutique.
   244 | D:1      | Gained mutation: A meltable shield of frost defends you.
                  | (SH +4) [demonic ancestry]
   244 | D:1      | Reached XP level 2. HP: 19/19 MP: 5/5
   925 | D:2      | Reached skill level 3 in Fire Magic
   925 | D:2      | Gained mutation: A meltable icy envelope protects you from
                  | harm. (AC +4) [demonic ancestry]
   925 | D:2      | Reached XP level 3. HP: 5/24 MP: 6/6
   940 | D:2      | You fall into a shaft and drop 2 floors!
  1097 | D:3      | Noticed a scorpion
  1113 | D:3      | HP: 1/24 [poisoned by a scorpion]
  1150 | D:3      | Killed a scorpion
  1151 | D:3      | Gained mutation: You may rarely emit foul miasma when
                  | damaged in melee. [demonic ancestry]
  1151 | D:3      | Reached XP level 4. HP: 5/30 MP: 0/7
  1342 | D:3      | HP: 1/30 [orc/+0 flail (6)]
  1346 | D:3      | Slain by an orc wizard

Illustrated notes

Levels and vault maps discovered:
D:1:      dpeg_arrival_castle, layout_rooms, serial_shops, nicolae_square_shop,
          hellmonk_ecumenical_altar_zigzags
D:2:      layout_basic
D:3:      layout_loops_ring, lemuel_zombie_altar_kikubaaqudgha, zin_statuary,
          kennysheep_orc_chapel, uniq_sigmund
D:4:      layout_basic

Skill      XL: |  1  2  3 |
---------------+----------+-----
Stealth        | 2 |  2.7
Dodging        | 2 |  2.6
Fire Magic     | 3 |  3.3
Conjurations   | 2 |  2.2
Spellcasting   | |  2.7

Action                     |  1- 3 |  4- 6 || total
---------------------------+-------+-------++-------
  Melee: Hand axe          |    20 |       ||    20
         Staff             |    24 |    14 ||    38
   Cast: Foxfire           |    45 |     5 ||    50
    Use: Potion            |     6 |     1 ||     7
         Scroll            |     4 |       ||     4
 Armour: Robe              |    11 |    10 ||    21
         Skin              |    22 |       ||    22
  Dodge: Dodged            |    43 |     6 ||    49
  Block: Buckler           |    33 |     3 ||    36

Table legend: (Time is in decaauts)
 A = Elapsed time spent in this place.
 B = Non-inter-level travel time spent in this place.
 C = Inter-level travel time spent in this place.
 D = Time resting spent in this place.
 E = Time spent auto-exploring this place.
 F = Levels seen in this place.
 G = Mean time per level.
                   A        B        C        D        E       F      G
               +--------+--------+--------+--------+--------+-----+--------+
         Total |   1360 |   1303 |     57 |    179 |    707 |   4 |  340.0 |
       Dungeon |   1360 |   1303 |     57 |    179 |    707 |   4 |  340.0 |
               +--------+--------+--------+--------+--------+-----+--------+

Top non-repeatable levels by time:
     D:1: 656 daAuts
     D:3: 334 daAuts
     D:2: 299 daAuts
     D:4: 70 daAuts
